 Dungeon Crawl Stone Soup version 0.30-a0-422-g946f4849ff (webtiles) character file.

Game seed: 7563900558929882759

9872 Snarg the Jinx (level 11, -7/64 HPs)
             Began as a Kobold Enchanter on Dec 8, 2022.
             Was an Elder of Wu Jian.
             Mangled by a bone dragon (21 damage)
             ... on level 1 of the Abyss.
             The game lasted 01:05:48 (13123 turns).

Snarg the Jinx (Kobold Enchanter)                  Turns: 13123, Time: 01:05:50

Health: -7/64      AC:  5    Str: 11    XL:     11   Next: 82%
Magic:  16/17      EV: 20    Int: 18    God:    Wu Jian [****..]
Gold:   421        SH:  0    Dex: 25    Spells: 0/18 levels left

rFire   . . .      SeeInvis .    a - +2 dagger (elec)
rCold   . . .      Faith    .    (no shield)
rNeg    . . .      Spirit   .    s - +1 leather armour {Will+}
rPois   .          Reflect  .    B - +0 helmet
rElec   .          Harm     .    (no cloak)
rCorr   .          Rampage  .    (no gloves)
Will    +....                    (no boots)
Stlth   +++++.....               j - amulet of regeneration
HPRegen 1.10/turn                J - +6 ring of dexterity
MPRegen 0.15/turn                o - +6 ring of strength

@: no status effects
A: small, no large weapons, nightstalker 3
a: Renounce Religion, Wall Jump, Serpent's Lash


You were on level 1 of the Abyss.
You worshipped Wu Jian.
Wu Jian was greatly pleased with you.
You visited 3 branches of the dungeon, and saw 12 of its levels.
You visited the Abyss 1 time.

You collected 621 gold pieces.
You spent 200 gold pieces at shops.

Inventory:

Hand Weapons
 a - a +2 dagger of electrocution (weapon)
 b - a +1 rapier of venom
 d - a +1 rapier of holy wrath
 f - a +5 short sword of freezing
 k - a +2 dagger of flaming
 E - a +7 sling of flaming
 F - a +2 vorpal scimitar
 Z - a +4 dagger
Missiles
 H - 28 poisoned darts (quivered)
 P - 3 throwing nets
 S - 2 curare-tipped darts
 V - 6 boomerangs
 W - 9 atropa-tipped darts
Armour
 s - a +1 leather armour of willpower (worn)
 y - a +1 robe of cold resistance
 B - a +0 helmet (worn)
Jewellery
 j - an amulet of regeneration (around neck)
 o - a +6 ring of strength (right hand)
 J - a +6 ring of dexterity (left hand)
 U - a ring of protection from fire
 Y - a ring of fire
Wands
 i - a wand of paralysis (5)
 z - a wand of mindburst (14)
 D - a wand of roots (5)
Scrolls
 e - a scroll of identify
 p - a scroll of fear
 v - 2 scrolls of poison
 w - a scroll of immolation
 x - a scroll of torment
 I - 4 scrolls of blinking
 N - a scroll of enchant weapon
 O - a scroll of teleportation
 Q - a scroll of vulnerability
Potions
 c - 3 potions of invisibility
 g - 2 potions of might
 h - 5 potions of lignification
 l - 3 potions of brilliance
 n - 7 potions of curing
 q - 6 potions of heal wounds
 t - 2 potions of berserk rage
 A - a potion of haste
 C - 3 potions of flight
 M - 2 potions of magic
 R - 3 potions of ambrosia


   Skills:
 + Level 5.6 Fighting
 * Level 10.1 Short Blades
 + Level 0.3 Throwing
 + Level 4.5 Armour
 + Level 7.4 Dodging
 + Level 8.1 Stealth
 - Level 4.0 Spellcasting
 - Level 2.0 Conjurations
 * Level 10.6 Hexes
 - Level 3.0 Translocations
 * Level 2.9 Ice Magic
 + Level 0.5 Evocations


You couldn't memorise any spells.
You knew the following spells:

 Your Spells              Type           Power      Damage    Failure   Level
a - Ensorcelled Hibernat  Hex/Ice        54%        N/A       1%          2
b - Tukima's Dance        Hex            41%        N/A       1%          3
c - Dazzling Flash        Conj/Hex       52%        N/A       4%          3
d - Blink                 Tloc           28%        N/A       9%          2
e - Confusing Touch       Hex            41%        N/A       1%          3
f - Metabolic Englaciati  Hex/Ice        13%        N/A       32%         5

Your spell library contained the following spells:

 Spells                   Type           Power      Damage    Failure   Level
 Momentum Strike          Conj/Tloc      24%        3d8       10%         2
 Shock                    Conj/Air       28%        1d4       12%         1
 Lesser Beckoning         Tloc           28%        N/A       16%         3
 Ozocubu's Armour         Ice            14%        N/A       17%         3
 Beastly Appendage        Tmut           6%         N/A       19%         1
 Sublimation of Blood     Necr           3%         N/A       28%         2
 Wereblood                Tmut           3%         N/A       28%         2
 Spider Form              Tmut/Pois      3%         N/A       50%         3
 Swiftness                Air            3%         N/A       50%         3
 Airstrike                Air            1%         2d(1-17)  88%         4
 Simulacrum               Ice/Necr       4%         N/A       100%        6
 Summon Hydra             Summ           1%         N/A       100%        7


Dungeon Overview and Level Annotations

Branches:
Dungeon (10/15)            Temple (1/1) D:4            Lair (1/5) D:10
    Orc: D:9-12

Altars:
Ashenzari
Cheibriados
Dithmenos
Elyvilon
Fedhas
Gozag
Hepliaklqana
Kikubaaqudgha
Makhleb
Nemelex Xobeh
Okawaru
Qazlal
Ru
Sif Muna
Trog
Uskayaw
Vehumet
Wu Jian
Xom
Yredelemnul
Zin
The Shining One

Shops:
D:3 ?   D:8 (((

Portals:
Trove: D:10 (give +3 storm dragon scales)

Annotations:
D:1 clr
D:2 clr
D:3 clr
D:4 clr
D:5 eels, exclusion: 2 doors
D:6 clr
D:7 1 runed translucent door,, Crazy Yiuf
D:8 clr
D:9 clr
D:10 exclusion: 2 wraiths, Josephine, Nergalle, Psyche
Lair:1 Gastronok, Harold


Innate Abilities, Weirdness & Mutations

You are small and have problems with some larger weapons.
You are completely attuned to the shadows.


Message History

Unknown command.
Unknown command.
You fade into invisibility!
You are suddenly pulled into a different region of the Abyss!
The snapping turtle disappears in a puff of smoke! x2
You feel stable enough to blink again.
You flicker for a moment.
You flicker back into view.
Your magical contamination has completely faded away.
Okay, then.
Unknown command.
A tentacled starspawn comes into view.
Tentacles burst from the starspawn's body! 2 starspawn tentacles come into view.
Unknown command.
Casting: Blink (safe; 9% risk of failure)
Confirm with . or Enter, or press ? or * to list all spells.
You blink.
The starspawn tentacle grabs you. The starspawn tentacle constricts you.
The starspawn tentacle loses its grip on you.
The starspawn tentacle grabs you. The starspawn tentacle constricts you.
You escape the starspawn tentacle's grasp.
You feel stable enough to blink again.
The starspawn tentacle closely misses you.
A bone dragon comes into view.
A sixfirhy comes into view.
You spin and attack the bone dragon repeatedly.
You hit the bone dragon but do no damage.
You barely miss the bone dragon. The sixfirhy closely misses you.
The sixfirhy hits you. The sixfirhy shocks you! The bone dragon bites you!!
The bone dragon claws you!
* * * LOW HITPOINT WARNING * * *
The bone dragon misses you.
As you read the scroll of fear, it crumbles to dust.
You assume a fearsome visage.
The sixfirhy looks frightened!
The tentacled starspawn is unaffected.
The bone dragon is unaffected.
Cornered, the sixfirhy turns to fight!
The sixfirhy hits you but does no damage.
The bone dragon bites you!!
You die...

# ... #.
.... .#
###.. .# #
..X..#
###...##
#.####.#
###.###.##
....@.X##
...#D3#....
#...###.#..
.#.. #. .
#.# .#


You could see a bone dragon, a tentacled starspawn and a sixfirhy.

Vanquished Creatures
  Sonja (D:10)
  Pikel (D:5)
  Joseph (D:10)
  A hornet (D:9)
  A wyvern (D:6)
  A vampire (D:9)
  Eustachio (D:4)
  13 yaks
  Grum (D:10)
  A chaos spawn (Abyss:1)
  A large abomination (Abyss:1)
  Duvessa (D:7)
  A water moccasin (Lair:1)
  An acid dragon (D:6)
  5 orc warriors
  2 ice beasts (D:7)
  A black bear (D:10)
  A sky beast (D:8)
  5 wolves
  2 ogres
  2 centaurs (D:7)
  2 phantoms
  Blork the orc (D:5)
  3 bullfrogs
  2 gnoll sergeants
  7 scorpions
  A necrophage (D:6)
  9 wights
  Dowan (D:7)
  11 killer bees (D:9)
  A howler monkey (D:6)
  3 jellies
  4 hounds
  A gnoll bouda (D:8)
  5 orc priests
  Ijyb (D:4)
  2 iguanas
  13 orc wizards
  Robin (D:4)
  16 gnolls
  6 adders
  A shadow imp (D:7)
  2 white imps
  2 worms
  2 dart slugs (D:1)
  33 orcs
  8 ball pythons
  6 bats
  6 endoplasms
  5 giant cockroaches
  15 goblins
  13 hobgoblins
  10 kobolds
  4 frilled lizards
  4 rats
245 creatures vanquished.

Vanquished Creatures (collateral kills)
  An orc warrior (D:10)
  A kobold brigand (D:9)
  7 wights
  2 orc priests
  An orc wizard (D:5)
  2 gnolls
  3 orcs
  A goblin (D:4)
  A kobold (D:9)
19 creatures vanquished.

Vanquished Creatures (others)
  7 dancing weapons
  15 fungi (D:10)
  18 plants
  4 starspawn tentacles (Abyss:1)
44 creatures vanquished.

Grand Total: 308 creatures vanquished

Notes
Turn   | Place    | Note
-------+----------+-------------------------------------------
     0 | D:1      | Snarg the Kobold Enchanter began the quest for the Orb.
     0 | D:1      | Reached XP level 1. HP: 10/10 MP: 3/3
    72 | D:1      | Reached XP level 2. HP: 7/16 MP: 5/5
   113 | D:1      | Learned a level 2 spell: Ensorcelled Hibernation
   373 | D:1      | Reached XP level 3. HP: 17/20 MP: 1/6
   754 | D:2      | Reached skill level 1 in Fighting
   754 | D:2      | Reached skill level 5 in Stealth
   807 | D:2      | Reached XP level 4. HP: 24/25 MP: 7/7
   820 | D:2      | Learned a level 3 spell: Tukima's Dance
   895 | D:2      | Reached skill level 1 in Ice Magic
  1791 | D:3      | Identified the +1 robe of Jimudof {rC- rN+ Will+}
  1808 | D:3      | Reached XP level 5. HP: 29/29 MP: 8/8
  2229 | D:3      | Found Pekie's Magic Scroll Shop.
  2234 | D:3      | Bought a scroll of noise for 10 gold pieces
  2396 | D:4      | Found a staircase to the Ecumenical Temple.
  2402 | Temple   | Entered the Ecumenical Temple
  2910 | Temple   | Became a worshipper of the Wu Jian Council
  2932 | D:4      | Reached XP level 6. HP: 35/35 MP: 9/9
  2936 | D:4      | Learned a level 3 spell: Dazzling Flash
  2945 | D:4      | Reached skill level 1 in Armour
  2972 | D:4      | Noticed Ijyb
  2974 | D:4      | Killed Ijyb
  3064 | D:4      | Noticed an ogre
  3283 | D:4      | Reached skill level 1 in Conjurations
  3341 | D:4      | Reached XP level 7. HP: 40/40 MP: 10/10
  3346 | D:4      | Noticed Eustachio
  3437 | D:5      | Entered Level 5 of the Dungeon
  3568 | D:5      | Noticed Blork the orc
  3669 | D:5      | Noticed Pikel
  3684 | D:5      | Killed Pikel
  3685 | D:5      | Reached skill level 5 in Short Blades
  3685 | D:5      | Reached XP level 8. HP: 48/48 MP: 6/11
  4025 | D:4      | Noticed Robin
  4036 | D:4      | Reached * piety under Wu Jian
  4196 | Temple   | Learned a level 2 spell: Blink
  4204 | D:4      | Killed Robin
  4707 | D:5      | Killed Blork the orc
  4895 | D:5      | Reached skill level 5 in Hexes
  5192 | D:5      | Reached skill level 1 in Translocations
  5405 | D:5      | Reached XP level 9. HP: 52/52 MP: 10/13
  6581 | D:6      | Reached ** piety under Wu Jian
  7097 | D:7      | Reached skill level 5 in Dodging
  7342 | D:7      | Reached XP level 10. HP: 58/58 MP: 14/14
  7350 | D:7      | Noticed Duvessa
  7351 | D:7      | Noticed Dowan
  7357 | D:7      | Killed Duvessa
  7361 | D:7      | Killed Dowan
  7412 | D:7      | Found a runed translucent door.
  7415 | D:7      | Noticed Crazy Yiuf
  7782 | D:7      | Learned a level 3 spell: Confusing Touch
  8347 | D:4      | Killed Eustachio
  8675 | D:8      | Reached *** piety under Wu Jian
  8692 | D:8      | Reached skill level 5 in Fighting
  9187 | D:8      | Found Ecsoves's Weapon Shoppe.
  9491 | D:8      | Found Meoleoz's Antique Weapon Shop.
  9697 | D:3      | Bought a scroll of blinking for 75 gold pieces
  9697 | D:3      | Bought a scroll of identify for 20 gold pieces
  9697 | D:3      | Bought a scroll of identify for 20 gold pieces
  9697 | D:3      | Bought a scroll of blinking for 75 gold pieces
 10298 | D:8      | Found Dimopu's Antique Weapon Emporium.
 10617 | D:9      | Reached XP level 11. HP: 63/63 MP: 12/16
 10843 | D:9      | Reached **** piety under Wu Jian
 10956 | D:9      | Reached skill level 10 in Hexes
 11219 | D:9      | Found a hazy altar of Hepliaklqana.
 11337 | D:10     | Entered Level 10 of the Dungeon
 11417 | D:10     | Noticed Nergalle
 11426 | D:10     | Noticed Grum
 11430 | D:10     | Killed Grum
 11623 | D:10     | Noticed Josephine
 11670 | D:10     | Noticed Joseph
 11712 | D:10     | Killed Joseph
 12003 | D:10     | Noticed Sonja
 12007 | D:10     | Killed Sonja
 12008 | D:10     | Found a portal to a secret trove of treasure.
 12372 | D:10     | Found a staircase to the Lair.
 12386 | Lair:1   | Entered Level 1 of the Lair of Beasts
 12394 | Lair:1   | Noticed Harold
 12419 | Lair:1   | Reached skill level 10 in Short Blades
 12586 | Lair:1   | Learned a level 5 spell: Metabolic Englaciation
 12708 | Lair:1   | Noticed Gastronok
 12718 | Lair:1   | HP: 1/64 [Gastronok (36)]
 12809 | D:10     | Noticed Psyche
 12815 | Abyss:1  | Cast into level 1 of the Abyss (Psyche)
 12848 | Abyss:1  | Noticed a worldbinder
 12997 | Abyss:1  | Noticed a tentacled starspawn
 13002 | Abyss:1  | Noticed a worldbinder
 13009 | Abyss:1  | Noticed a dread lich
 13023 | Abyss:1  | Noticed a worldbinder
 13106 | Abyss:1  | Noticed a tentacled starspawn
 13119 | Abyss:1  | Noticed a bone dragon
 13120 | Abyss:1  | Noticed a sixfirhy
 13123 | Abyss:1  | Mangled by a bone dragon

Illustrated notes

Levels and vault maps discovered:
D:1:      wander_arrival_peaceful_grave, layout_rooms
D:2:      layout_basic
D:3:      layout_rooms, serial_shops, shop, serial_bayou_pond_b
D:4:      cheibrodos_old_hovel, layout_loops_cross, minmay_temple_entry_wispy,
          hangedman_decor_clover_reticule, uniq_eustachio, uniq_ijyb, uniq_robin
D:5:      cheibrodos_two_vegetables, layout_basic, serial_rivers,
          chequers_serial_rivers_micro_c, chequers_serial_rivers_micro_a,
          chequers_serial_rivers_large_b, chequers_serial_rivers_micro_c,
          uniq_blork_the_orc, uniq_pikel
D:6:      minmay_thick_lines, layout_loops_ring, hex_medium
D:7:      layout_loops_ring, grunt_ministairs_4, kennysheep_generic_room_8,
          uniq_duvessa, uniq_crazy_yiuf_cottage
D:8:      layout_basic, serial_shops, shop, shop, nicolae_shop_waterfront,
          palyth_stone_intersect, kennysheep_generic_room_13
D:9:      layout_rooms, worldfamousw_hep_ancestral_shrine,
          kennysheep_generic_room_10
D:10:     layout_irregular_city, grunt_lair_entry_orc_guard_hut,
          nicolae_trove_entry_diagonal, uniq_nergalle, uniq_josephine,
          uniq_psyche, uniq_joseph, uniq_sonja, uniq_grum
Temple:   mainiacjoe_temple_circle_huts
Lair:1:   layout_cave_pods, lemuel_fruit_tree, uniq_harold, uniq_gastronok
Abyss:1:  base: D:3, hangedman_abyss_lost_library,
          gammafunk_abyss_exit_x_factor, evilmike_abyss_exit_14

Skill      XL: |  1  2  3  4  5  6  7  8  9 10 11 |
---------------+----------------------------------+-----
Fighting       | 1 2 4 5 |  5.6
Stealth        | 5 6 8 |  8.1
Ice Magic      | 1 2 |  2.9
Short Blades   | 2 3 5 8 10 | 10.1
Armour         | 1 3 4 |  4.5
Conjurations   | 1 2 |  2.0
Dodging        | 4 5 6 7 |  7.4
Hexes          | 4 5 7 9 10 | 10.6
Translocations | 1 2 3 |  3.0
Spellcasting   | 3 4 |  4.0
Throwing       | |  0.3
Evocations     | |  0.5

Action                   |  1- 3 |  4- 6 |  7- 9 | 10-12 || total
-------------------------+-------+-------+-------+-------++-------
Melee: Dagger            |    51 |   109 |   233 |   422 ||   815
       Punch             |       |     1 |     4 |     7 ||    12
       Rapier            |       |       |       |    69 ||    69
Throw: Dart              |       |       |     1 |     5 ||     6
 Cast: Ensorcelled Hiber |     3 |    15 |    19 |    18 ||    55
       Tukima's Dance    |       |       |    31 |    31 ||    62
       Dazzling Flash    |       |       |     3 |    22 ||    25
       Confusing Touch   |       |       |       |    11 ||    11
       Blink             |       |       |       |     3 ||     3
Invok: Lunge             |       |     4 |    25 |    30 ||    59
       Whirlwind         |       |       |     5 |    39 ||    44
 Abil: Wall Jump         |       |       |     1 |     6 ||     7
Evoke: Wand              |       |       |       |     5 ||     5
  Use: Scroll            |       |     6 |    10 |    11 ||    27
       Potion            |       |       |     3 |     3 ||     6
 Stab: Sleeping          |    16 |    34 |    31 |    27 ||   108
       Invisible         |       |       |     1 |    18 ||    19
       Distracted        |       |       |     1 |     6 ||     7
       Confused          |       |       |       |     7 ||     7
Armor: Robe              |     8 |     7 |    27 |     7 ||    49
       Leather armour    |       |     9 |       |    31 ||    40
Dodge: Dodged            |    31 |    52 |   155 |   373 ||   611

Table legend: (Time is in decaauts)
 A = Elapsed time spent in this place.
 B = Non-inter-level travel time spent in this place.
 C = Inter-level travel time spent in this place.
 D = Time resting spent in this place.
 E = Time spent auto-exploring this place.
 F = Levels seen in this place.
 G = Mean time per level.
                   A        B        C        D        E       F      G
               +--------+--------+--------+--------+--------+-----+--------+
         Total |  13015 |  11969 |   1046 |   1291 |   7816 |  13 | 1001.2 |
       Dungeon |  11760 |  10838 |    922 |   1220 |   7223 |  10 | 1176.0 |
        Temple |    581 |    544 |     37 |     55 |    458 |   1 |  581.0 |
          Lair |    378 |    291 |     87 |     12 |    135 |   1 |  378.0 |
         Abyss |    295 |    295 |      0 |      4 |      0 |   1 |  295.0 |
               +--------+--------+--------+--------+--------+-----+--------+

Top non-repeatable levels by time:
     D:8: 1766 daAuts
     D:4: 1696 daAuts
     D:5: 1477 daAuts
     D:6: 1328 daAuts
     D:7: 1268 daAuts
    D:10: 1063 daAuts
     D:3: 951 daAuts
     D:2: 833 daAuts
     D:9: 766 daAuts
     D:1: 609 daAuts
  Temple: 581 daAuts
  Lair:1: 378 daAuts
 Abyss:1: 295 daAuts
